 Dungeon Sprint DCSS version 0.26-a0-664-gc8b27b8fc1 (webtiles) character file.

Game seed: 17121051765703193296

58 Conn the Magician (level 4, -5/27 HPs)
             Began as an Octopode Hedge Wizard on Oct 13, 2020.
             Was an Initiate of Sif Muna.
             Killed from afar by an oklob sapling priest (9 damage)
             ... with a splash of acid
             ... in the Dungeon (Sprint IV: "Fedhas' Mad Dash").
             The game lasted 00:03:46 (212 turns).

Conn the Magician (Octopode Hedge Wizard)            Turns: 212, Time: 00:03:46

Health: -5/27      AC: -3    Str:  9    XL:     4   Next: 2%
Magic:  12/12      EV: 14    Int: 17    God:    Sif Muna [......]
Gold:   35         SH:  0    Dex: 11    Spells: 4/15 levels left

rFire    . . .     SeeInvis .   a - +0 dagger
rCold    . . .     Faith    .   (no shield)
rNeg     . . .     Spirit   .   b - +0 hat
rPois    .         Reflect  .   h - amulet of invisibility {+Inv}
rElec    .         Harm     .   (no ring)
rCorr    .         Rampage  .   (no ring)
MR       .....     NoTele   +   (no ring)
Stlth    +++.......             (no ring)
HPRegen  0.09/turn              (no ring)
MPRegen  0.13/turn              (no ring)
                                (no ring)
                                (no ring)

@: corroded, very slightly contaminated
A: almost no armour, stealthy swim, amphibious, 8 rings, constrict 8, camouflage
1, gelatinous body 1
a: Renounce Religion, Evoke Invisibility


You were in the Dungeon.
You worshipped Sif Muna.
Sif Muna was noncommittal.
You visited 1 branch You collected 35 gold pieces.

Inventory:

Hand Weapons
 a - a +0 dagger (weapon)
Armour
 b - a +0 hat (worn)
Jewellery
 c - an uncursed amulet of the acrobat
 h - the amulet of invisibility (around mantle) {+Inv}
   (You found it in the Dungeon)

   [amulet of nothing]

   It lets you turn invisible.
Scrolls
 f - a scroll of remove curse {unknown}
 i - a scroll of blinking
Potions
 d - a potion of curing
 e - a potion of heal wounds
 g - 2 potions of magic


   Skills:
 + Level 0.2 Fighting
 + Level 3.3 Dodging
 + Level 4.2 Stealth
 + Level 6.3 Spellcasting
 * Level 2.1 Conjurations
 + Level 1.1 Summonings
 + Level 1.0 Translocations


You had 4 spell levels left.
You knew the following spells:

 Your Spells              Type           Power        Failure   Level
a - Magic Dart            Conj           ##..         5%          1
b - Blink                 Tloc           N/A          12%         2
c - Call Imp              Summ           #.......     12%         2
d - Conjure Flame         Conj/Fire      #.......     24%         3
e - Mephitic Cloud        Conj/Pois/Air  #.......     28%         3

Your spell library contained the following spells:

 Spells                   Type           Power        Failure   Level
 Slow                     Hex            #.......     19%         2


Dungeon Overview and Level Annotations

Branches:
Dungeon (1/1)

Altars:
Cheibriados
Dithmenos
Elyvilon
Gozag
Hepliaklqana
Kikubaaqudgha
Makhleb
Nemelex Xobeh
Okawaru
Qazlal
Ru
Sif Muna
Trog
Uskayaw
Vehumet
Wu Jian
Xom
Yredelemnul
Zin
The Shining One
Beogh
Jiyva
Lugonu

Annotations:
D exclusion: 2 oklob saplings


Innate Abilities, Weirdness & Mutations

You cannot wear most types of armour.
You are very stealthy in the water. (Stealth+)
You are amphibious.
You can wear up to eight rings at the same time.
You can use your tentacles to constrict eight enemies at once.
Your skin changes colour to match your surroundings (Stealth+).
Your rubbery body absorbs attacks. (AC +1, EV +1)


Message History

There is a basalt altar of Yredelemnul here.
There is a glowing silver altar of Zin here.
You flicker for a moment.
As you open the door, it creaks loudly!
An oklob sapling wizard comes into view.
You flicker back into view.
The oklob sapling priest spits acid at you.
The splash of acid hits you! The acid corrodes you!
You are splashed with acid!
* * * LOW HITPOINT WARNING * * *
Marking area around an oklob sapling as unsafe for travelling.
Found a trident and a scroll of blinking.
You close the door.
Okay, then.
You fail to use your ability.
The oklob sapling priest spits acid at you.
The splash of acid misses you.
You fail to use your ability.
The oklob sapling priest spits acid at you.
The splash of acid hits you!
You die...

################## ##
...#.⌠._._._._.⌠.#.)+
...'.._._._._._.@+.P#
...#..._._P_._...#..#
#+##.._._._._._..# ?#
#._._._._._.⌠.# #
###############


You could see an oklob sapling priest.

Vanquished Creatures
  An oklob sapling (D)
  A worker ant (D)
  A river rat (D)
  A rat (D)
4 creatures vanquished.

Notes
Turn   | Place    | Note
-------+----------+-------------------------------------------
     0 | D        | Conn the Octopode Hedge Wizard began the quest for the Orb.
     0 | D        | Reached XP level 1. HP: 11/11 MP: 4/4
    38 | D        | Reached skill level 4 in Spellcasting
    38 | D        | Reached XP level 2. HP: 12/17 MP: 0/7
   130 | D        | Learned a level 2 spell: Blink
   133 | D        | Learned a level 2 spell: Call Imp
   136 | D        | Noticed an oklob sapling
   142 | D        | Killed an oklob sapling
   142 | D        | Reached skill level 5 in Spellcasting
   142 | D        | Reached XP level 3. HP: 21/21 MP: 8/10
   145 | D        | Found the amulet of invisibility {+Inv}
   148 | D        | Reached skill level 6 in Spellcasting
   148 | D        | Reached XP level 4. HP: 27/27 MP: 9/12
   184 | D        | Learned a level 3 spell: Conjure Flame
   188 | D        | Learned a level 3 spell: Mephitic Cloud
   189 | D        | Found an opulent altar of Gozag.
   189 | D        | Found a hazy altar of Hepliaklqana.
   189 | D        | Found a roughly hewn altar of Beogh.
   189 | D        | Found a snail-covered altar of Cheibriados.
   190 | D        | Found a viscous altar of Jiyva.
   190 | D        | Found a burning altar of Makhleb.
   190 | D        | Found a sparkling altar of Nemelex Xobeh.
   190 | D        | Found a sacrificial altar of Ru.
   190 | D        | Found a shimmering blue altar of Sif Muna.
   190 | D        | Found a bloodstained altar of Trog.
   190 | D        | Found an ornate altar of the Wu Jian Council.
   190 | D        | Found a shimmering altar of Xom.
   190 | D        | Found a basalt altar of Yredelemnul.
   190 | D        | Noticed an oklob sapling priest
   195 | D        | Found an iron altar of Okawaru.
   195 | D        | Found a glowing silver altar of Zin.
   195 | D        | Found a shadowy altar of Dithmenos.
   196 | D        | Found a hide-covered altar of Uskayaw.
   196 | D        | Found an ancient bone altar of Kikubaaqudgha.
   197 | D        | Found a glowing golden altar of the Shining One.
   197 | D        | Found a stormy altar of Qazlal.
   197 | D        | Found a white marble altar of Elyvilon.
   198 | D        | Found a radiant altar of Vehumet.
   198 | D        | Found a corrupted altar of Lugonu.
   200 | D        | Became a worshipper of Sif Muna the Loreminder
   212 | D        | Killed from afar by an oklob sapling priest

Illustrated notes

Levels and vault maps discovered:
D:        dungeon_sprint_fedhas [sprint_temple]

Skill      XL: |  1  2  3 |
---------------+----------+-----
Stealth        | 3 4 |  4.2
Spellcasting   | 4 5 6 |  6.3
Dodging        | 3 |  3.3
Conjurations   | 2 |  2.1
Fighting       | |  0.2
Summonings     | |  1.1
Translocations | |  1.0

Action                   |  1- 3 |  4- 6 || total
-------------------------+-------+-------++-------
Melee: Dagger            |    12 |       ||    12
       Constrict         |     3 |       ||     3
       Tentacles         |     1 |       ||     1
 Cast: Magic Dart        |     5 |       ||     5
 Abil: Evoke Invisibilit |       |     1 ||     1
  Use: Potion            |     2 |       ||     2
Dodge: Dodged            |     6 |     1 ||     7

Table legend: (Time is in decaauts)
 A = Elapsed time spent in this place.
 B = Non-inter-level travel time spent in this place.
 C = Inter-level travel time spent in this place.
 D = Time resting spent in this place.
 E = Time spent auto-exploring this place.
 F = Levels seen in this place.
 G = Mean time per level.
                   A        B        C        D        E       F      G
               +--------+--------+--------+--------+--------+-----+--------+
         Total |    201 |    201 |      0 |     90 |      0 |   1 |  201.0 |
       Dungeon |    201 |    201 |      0 |     90 |      0 |   1 |  201.0 |
               +--------+--------+--------+--------+--------+-----+--------+

Top non-repeatable levels by time:
       D: 201 daAuts
